 Dungeon Crawl Stone Soup version 0.29.1-1-gd02db6906a (webtiles) character file.

Game seed: 2944485580368460742

854 lonewolfV2 the Chopper (level 7, -1/62 HPs)
             Began as a Minotaur Berserker on Oct 15, 2022.
             Was a Priest of Trog.
             Killed from afar by an orc wizard (7 damage)
             ... with a magic dart
             ... on level 5 of the Dungeon.
             The game lasted 00:08:27 (5509 turns).

lonewolfV2 the Chopper (Minotaur Berserker)         Turns: 5509, Time: 00:08:29

Health: -1/62      AC:  3    Str: 23    XL:     7   Next: 70%
Magic:  6/6        EV: 13    Int:  4    God:    Trog [***...]
Gold:   217        SH:  0    Dex: 10    Spells: 6/6 levels left

rFire   . . .      SeeInvis .   f - +1 scythe (venom)
rCold   . . .      Faith    .   (shield currently unavailable)
rNeg    . . .      Spirit   .   b - +1 animal skin
rPois   .          Reflect  .   (helmet restricted)
rElec   .          Harm     .   (no cloak)
rCorr   .          Rampage  .   (no gloves)
Will    .....                   (no boots)
Stlth   +.........              (no amulet)
HPRegen 0.20/turn               (no ring)
MPRegen 0.10/turn               (no ring)

@: confused
A: horns 2, retaliatory headbutt
a: Renounce Religion, Berserk, Trog's Hand


You were on level 5 of the Dungeon.
You worshipped Trog.
Trog was most pleased with you.
You visited 1 branch of the dungeon, and saw 5 of its levels.
You also visited: Sewer.

You collected 217 gold pieces.

Inventory:

Hand Weapons
 a - a +1 hand axe
 f - a +1 scythe of venom (weapon)
Armour
 b - a +1 animal skin (worn)
Jewellery
 g - a ring of see invisible
Wands
 i - a wand of mindburst (16)
Scrolls
 k - 4 scrolls of teleportation
 o - a scroll of fear
 p - a scroll of enchant weapon
Potions
 c - 2 potions of degeneration
 e - a potion of ambrosia
 h - a potion of might
 l - 2 potions of magic
 m - a potion of flight
 n - a potion of lignification
 q - a potion of cancellation


   Skills:
 + Level 5.9 Fighting
 + Level 7.8 Axes
 + Level 2.7 Armour
 + Level 5.2 Dodging
 + Level 2.0 Stealth


You had 6 spell levels left.
You didn't know any spells.
Your spell library was empty.

Dungeon Overview and Level Annotations

Branches:
Dungeon (5/15)             Temple (0/1) D:5           Sewer (visited)

Altars:
Okawaru


Innate Abilities, Weirdness & Mutations

You have a pair of horns on your head.
You reflexively headbutt those who attack you in melee.


Message History

An orc wizard is nearby!
An orc wizard is nearby!
The orc wizard shouts!
The orc wizard hits you with a +0 long sword!
You hit the orc wizard but do no damage.
The orc wizard is poisoned.
The orc wizard casts a spell at you. The puff of flame misses you.
You hit the orc wizard.
The orc wizard looks as sick as possible!
Your headbutt misses the orc wizard.
The orc wizard is moderately wounded.
The orc wizard hits you with a +0 long sword.
You barely miss the orc wizard.
The orc wizard is moderately wounded.
The orc wizard hits you with a +0 long sword.
You barely miss the orc wizard. Your headbutt misses the orc wizard.
The orc wizard is moderately wounded.
The orc wizard mumbles some strange words.
The orc wizard flickers and vanishes!
You miss something. Your headbutt misses something.
Something completely misses you. Something hits you.
You miss something.
You hear some strange, mumbled words.
A magic dart appears from out of thin air!
The magic dart hits you!
* * * LOW HITPOINT WARNING * * *
You miss something. Something hits you but does no damage.
You closely miss something. Your headbutt misses something.
You hear some strange, mumbled words.
A magic dart appears from out of thin air!
The magic dart hits you!
* * * LOW HITPOINT WARNING * * *
You hit something but do no damage. Your headbutt misses something.
You hear some strange, mumbled words.
You are confused.
You hear some strange, mumbled words.
A magic dart appears from out of thin air!
The magic dart hits you!
You die...

#....##.### #...................
#.........#####..#......########
#...............>#......#
####......########......#
###......# #......#
.....(...########......#
....................##.#
#....####......{.....##.#
#....####......@.....##.#
............#####.###.# #####
.#..........#......##.# #...#
#..........#......##.####.#.#
#..........#......##.##...#.#
############......##.##.###.#
#............# #.#
#.......#....###.#
#####.#.#......#.#


There were no monsters in sight!

Vanquished Creatures
  Sigmund (D:5)
  A steam dragon (D:3)
  A phantom (D:4)
  2 kobold brigands (Sewer)
  2 scorpions (D:5)
  An orc priest (D:5)
  Terence (D:3)
  A river rat (Sewer)
  7 adders
  2 worms
  2 dart slugs
  An orc (D:3)
  5 ball pythons
  8 bats
  7 endoplasms
  3 giant cockroaches
  7 goblins
  8 hobgoblins
  10 quokkas
  6 frilled lizards (D:1)
  19 kobolds
  15 rats
110 creatures vanquished.

Notes
Turn   | Place    | Note
-------+----------+-------------------------------------------
     0 | D:1      | lonewolfV2 the Minotaur Berserker began the quest for the
                  | Orb.
     0 | D:1      | Reached XP level 1. HP: 19/19 MP: 0/0
   164 | D:1      | Reached skill level 4 in Axes
   293 | D:1      | Reached XP level 2. HP: 27/27 MP: 1/1
   604 | D:1      | Reached ** piety under Trog
   607 | D:1      | Reached XP level 3. HP: 12/33 MP: 2/2
  1774 | D:2      | Found an iron altar of Okawaru.
  2488 | D:3      | Noticed a steam dragon
  2495 | D:3      | Reached skill level 5 in Axes
  2495 | D:3      | Reached XP level 4. HP: 37/41 MP: 3/3
  2498 | D:3      | Killed a steam dragon
  2499 | D:3      | Reached XP level 5. HP: 18/47 MP: 4/4
  2722 | D:3      | Noticed Terence
  2733 | D:3      | Killed Terence
  2734 | D:3      | Reached skill level 6 in Axes
  2734 | D:3      | Reached skill level 1 in Stealth
  3620 | D:4      | Found a glowing drain.
  3640 | D:4      | Reached XP level 6. HP: 55/55 MP: 5/5
  3647 | Sewer    | Entered a sewer
  3691 | Sewer    | Reached *** piety under Trog
  3842 | Sewer    | Reached skill level 5 in Fighting
  4544 | D:4      | Reached skill level 7 in Axes
  4544 | D:4      | Reached XP level 7. HP: 54/61 MP: 6/6
  5069 | D:5      | Entered Level 5 of the Dungeon
  5226 | D:5      | Noticed Sigmund
  5242 | D:5      | Killed Sigmund
  5244 | D:5      | Reached skill level 5 in Dodging
  5364 | D:5      | Found a staircase to the Ecumenical Temple.
  5509 | D:5      | Killed from afar by an orc wizard

Illustrated notes

Levels and vault maps discovered:
D:1:      evilmike_arrival_crescent, layout_basic, st_stairs_2,
          solitary_fountain, wander_ebering_terrifying_dragon_lair
D:2:      layout_basic, basic_altar
D:3:      layout_basic, uniq_terence
D:4:      layout_basic, gup_sewer_entry_pipe
D:5:      layout_basic, minmay_temple_entry_waves, lexackson_kobold_supper,
          uniq_sigmund

Skill      XL: |  1  2  3  4  5  6  7 |
---------------+----------------------+-----
Axes           | 4 5 6 7 |  7.8
Fighting       | 4 5 |  5.9
Dodging        | 3 4 5 |  5.2
Stealth        | 1 2 |  2.0
Armour         | |  2.7

Action                   |  1- 3 |  4- 6 |  7- 9 || total
-------------------------+-------+-------+-------++-------
Melee: Hand axe          |   101 |   131 |    35 ||   267
       Headbutt          |     9 |    15 |     4 ||    28
       Punch             |     3 |     3 |     1 ||     7
       Halberd           |       |       |    17 ||    17
Invok: Trog's Hand       |       |       |     1 ||     1
  Use: Scroll            |    12 |     2 |     5 ||    19
       Potion            |     3 |     1 |     2 ||     6
 Stab: Sleeping          |     1 |       |     2 ||     3
Armor: Animal skin       |    22 |    30 |    14 ||    66
Dodge: Dodged            |    58 |    83 |    36 ||   177
